 Dungeon Crawl Stone Soup version 0.28-a0-906-g0406aca7d3 (webtiles) character file.

Game seed: 6203444623925061231

91 siradein the Shooter (level 4, -6/37 HPs)
             Began as a Ghoul Hunter on Nov 24, 2021.
             Mangled by Grinder (7 damage)
             ... on level 3 of the Dungeon.
             The game lasted 00:07:47 (2504 turns).

siradein the Shooter (Ghoul Hunter)                 Turns: 2504, Time: 00:07:49

Health: -6/37      AC:  6    Str: 16    XL:     4   Next: 57%
Magic:  3/3        EV: 15    Int:  6    God:
Gold:   52         SH:  0    Dex:  9    Spells: 3/3 levels left

rFire   . . .      SeeInvis .   a - +1 shortbow
rCold   + . .      Faith    .   (shield currently unavailable)
rNeg    + + +      Spirit   .   h - +0 ring mail
rPois   ∞          Reflect  .   (no helmet)
rElec   .          Harm     .   e - +0 cloak
rCorr   .          Rampage  .   (no gloves)
Will    .....                   (no boots)
Stlth   +.........              (no amulet)
HPRegen 0.00/turn               k - +4 ring of evasion
MPRegen 0.08/turn               (no ring)

@: inhibited regen
A: claws 1, cold resistance 1, negative energy resistance 3, inhibited
regeneration, torment resistance 2
a: no special abilities


You were on level 3 of the Dungeon.
You visited 1 branch of the dungeon, and saw 3 of its levels.

You collected 52 gold pieces.

Inventory:

Hand Weapons
 a - a +1 shortbow (weapon)
Missiles
 c - 11 poisoned darts
 d - 47 arrows (quivered ammo)
Armour
 e - a +0 cloak (worn)
 h - a +0 ring mail (worn)
Jewellery
 k - a +4 ring of evasion (left claw)
Scrolls
 b - 2 scrolls of teleportation {unknown}
 g - a scroll of torment {unknown}
 j - 2 scrolls of vulnerability {unknown}
 l - a scroll of enchant weapon {unknown}
 m - a scroll of identify {unknown}
Potions
 f - a potion of heal wounds {unknown}
 i - 2 potions of mutation {unknown}


   Skills:
 + Level 2.8 Fighting
 + Level 3.9 Bows
 + Level 1.1 Armour
 + Level 2.3 Dodging
 + Level 2.1 Stealth
 + Level 1.8 Unarmed Combat


You had 3 spell levels left.
You didn't know any spells.
Your spell library contained the following spells:

 Spells                   Type           Power      Damage    Failure   Level
 Magic Dart               Conj           0%         1d3       67%         1
 Call Imp                 Summ           0%         N/A       82%         2
 Mephitic Cloud           Conj/Pois/Air  0%         N/A       96%         3


Dungeon Overview and Level Annotations

Branches:
Dungeon (3/15)

Altars:
Nemelex Xobeh

Annotations:
D:3 Grinder


Innate Abilities, Weirdness & Mutations

You thrive by killing the living.
You are immune to poison.
You have sharp fingernails.
Your flesh is cold resistant. (rC+)
You are immune to negative energy. (rN+++)
You do not regenerate when monsters are visible.
You are immune to unholy pain and torment.


Message History

Aim: Grinder (severely wounded, 53% to hit)
You shoot an arrow. The arrow closely misses Grinder.
Grinder closely misses you.
Unknown command.
Fire: 51 arrows
Press: ? - help, Q - select action, (/) - cycle Shift-Dir - straight line, f/p - Grinder
Aim: Grinder (severely wounded, 53% to hit)
You shoot an arrow. The arrow barely misses Grinder.
Grinder hits you!
* * * LOW HITPOINT WARNING * * *
Grinder hits you but does no damage.
Fire: 50 arrows
Press: ? - help, Q - select action, (/) - cycle Shift-Dir - straight line, f/p - Grinder
Aim: Grinder (severely wounded, 53% to hit)
You shoot an arrow. The arrow closely misses Grinder.
Grinder gestures at you.
You suddenly lose the ability to move!
Grinder blinks!
Grinder says, "You look like you could use a good racking."
Grinder gestures at you.
You shrug off the repeated paralysis!
You can move again.
Unknown command.
Unknown command.
Unknown command.
Unknown command.
Unknown command.
Fire: 49 arrows
Press: ? - help, Q - select action, (/) - cycle Shift-Dir - straight line, f/p - Grinder
Aim: Grinder (severely wounded, 53% to hit)
You shoot an arrow. The arrow hits Grinder.
Grinder is almost dead.
Grinder hits you.
* * * LOW HITPOINT WARNING * * *
Fire: 48 arrows
Press: ? - help, Q - select action, (/) - cycle Shift-Dir - straight line, f/p - Grinder
Aim: Grinder (almost dead, 53% to hit)
You shoot an arrow. The arrow completely misses Grinder.
Grinder hits you!
You die...

#........######......# #.#
#.###.#.........(...####.#
#.......#............#
###..##.........######
#.<..........##
....####.##[.##
####......##.##
#########5# #@# #.# #.#
#.>.....# #.#.###.# #..(.
. ... ##.P(.> .....


You could see Grinder.

Vanquished Creatures
  An orc wizard (D:3)
  A dart slug (D:1)
  A worm (D:2)
  6 orcs (D:3)
  2 endoplasms
  5 giant cockroaches
  3 goblins
  3 hobgoblins
  2 quokkas
  7 ball pythons
  6 bats
  3 frilled lizards
  3 kobolds (D:1)
  15 rats
58 creatures vanquished.

Vanquished Creatures (others)
  3 plants (D:3)
3 creatures vanquished.

Grand Total: 61 creatures vanquished

Notes
Turn   | Place    | Note
-------+----------+-------------------------------------------
     0 | D:1      | siradein the Ghoul Hunter began the quest for the Orb.
     0 | D:1      | Reached XP level 1. HP: 17/17 MP: 0/0
   414 | D:1      | Reached XP level 2. HP: 23/25 MP: 1/1
   669 | D:1      | Found a faded altar of an unknown god.
  1099 | D:1      | Reached skill level 1 in Unarmed Combat
  1103 | D:1      | Reached XP level 3. HP: 29/30 MP: 2/2
  1893 | D:2      | Found a sparkling altar of Nemelex Xobeh.
  2087 | D:3      | Reached XP level 4. HP: 28/37 MP: 3/3
  2123 | D:3      | Reached skill level 1 in Armour
  2466 | D:3      | Noticed Grinder
  2472 | D:3      | Paralysed by Grinder for 7 turns
  2489 | D:3      | Paralysed by Grinder for 3 turns
  2496 | D:3      | Paralysed by Grinder for 7 turns
  2503 | D:3      | HP: 1/37 [Grinder (4)]
  2504 | D:3      | Mangled by Grinder

Illustrated notes

Levels and vault maps discovered:
D:1:      dpeg_arrival_ratfight, layout_basic, nicolae_ecumenical_snake_handling
D:2:      layout_basic, basic_altar
D:3:      layout_loops_corners, serial_forest, infiniplex_forest_end_2,
          infiniplex_forest_end_double, infiniplex_forest_lined_ring,
          infiniplex_forest_end_double, infiniplex_forest_clump_medium,
          infiniplex_forest_lined_2, infiniplex_forest_clump_diagonal,
          infiniplex_forest_lined_4_way, minmay_misc_feat_hallway, uniq_grinder

Skill      XL: |  1  2  3  4 |
---------------+-------------+-----
Dodging        | 2 |  2.3
Unarmed Combat | 1 |  1.8
Stealth        | 2 |  2.1
Armour         | 1 |  1.1
Fighting       | |  2.8
Bows           | |  3.9

Action                   |  1- 3 |  4- 6 || total
-------------------------+-------+-------++-------
Melee: Unarmed           |   195 |    46 ||   241
       Punch             |     1 |     1 ||     2
 Fire: Shortbow          |       |    17 ||    17
 Stab: Sleeping          |     1 |       ||     1
Armor: Leather armour    |    56 |       ||    56
       Ring mail         |    32 |    16 ||    48
Dodge: Dodged            |   131 |    29 ||   160

Table legend: (Time is in decaauts)
 A = Elapsed time spent in this place.
 B = Non-inter-level travel time spent in this place.
 C = Inter-level travel time spent in this place.
 D = Time resting spent in this place.
 E = Time spent auto-exploring this place.
 F = Levels seen in this place.
 G = Mean time per level.
                   A        B        C        D        E       F      G
               +--------+--------+--------+--------+--------+-----+--------+
         Total |   2500 |   2442 |     58 |      0 |   1837 |   3 |  833.3 |
       Dungeon |   2500 |   2442 |     58 |      0 |   1837 |   3 |  833.3 |
               +--------+--------+--------+--------+--------+-----+--------+

Top non-repeatable levels by time:
     D:1: 1433 daAuts
     D:2: 602 daAuts
     D:3: 463 daAuts
